 Dungeon Crawl Stone Soup version 0.28.0 (webtiles) character file.

Game seed: 10550918704621284412

10 Gabide the Grasshopper (level 2, -1/24 HPs)
             Began as a Demigod Warper on Feb 17, 2022.
             Slain by a kobold (3 damage)
             ... on level 1 of the Dungeon.
             The game lasted 00:03:24 (311 turns).

Gabide the Grasshopper (Demigod Warper)              Turns: 311, Time: 00:03:24

Health: -1/24      AC:  3    Str: 12    XL:     2   Next: 0%
Magic:  7/7        EV: 11    Int: 15    God:
Gold:   34         SH:  0    Dex: 13    Spells: 4/4 levels left

rFire   . . .      SeeInvis .   a - +0 mace
rCold   . . .      Faith    .   (no shield)
rNeg    . . .      Spirit   .   b - +0 leather armour
rPois   .          Reflect  .   (no helmet)
rElec   .          Harm     .   (no cloak)
rCorr   .          Rampage  .   (no gloves)
Will    .....                   (no boots)
Stlth   +.........              (no amulet)
HPRegen 0.08/turn               (no ring)
MPRegen 0.10/turn               (no ring)

@: no status effects
A: high MP 1, forlorn, divine attributes
a: no special abilities


You were on level 1 of the Dungeon.
You visited 1 branch of the dungeon, and saw 2 of its levels.

You collected 34 gold pieces.

Inventory:

Hand Weapons
 a - a +0 mace (weapon)
Missiles
 d - 2 boomerangs of dispersal (quivered)
Armour
 b - a +0 leather armour (worn)
 f - an orb of energy
Jewellery
 h - an amulet of regeneration
Scrolls
 c - a scroll of blinking
 e - a scroll of teleportation {unknown}
Potions
 g - a potion of curing {unknown}


   Skills:
 * Level 2.0 Fighting
 + Level 1.9 Maces & Flails
 - Level 0.8 Throwing
 + Level 0.8 Armour
 * Level 1.7 Dodging
 * Level 1.8 Spellcasting
 * Level 3.0 Translocations


You had 4 spell levels left.
You didn't know any spells.
Your spell library contained the following spells:

 Spells                   Type           Power      Damage    Failure   Level
 Blink                    Tloc           20%        N/A       13%         2
 Gell's Gravitas          Tloc           10%        N/A       26%         3
 Lesser Beckoning         Tloc           10%        N/A       26%         3
 Teleport Other           Tloc           10%        N/A       26%         3
 Beastly Appendage        Tmut           2%         N/A       28%         1
 Manifold Assault         Tloc           10%        N/A       93%         5


Dungeon Overview and Level Annotations

Branches:
Dungeon (2/15)

Annotations:
D:2 Natasha


Innate Abilities, Weirdness & Mutations

You have an increased reservoir of magic. (+10% MP)
You shall have no god before yourself.
Your divine heritage dramatically boosts your attributes as you level up.


Message History

You are too injured to fight recklessly!
You are too injured to fight recklessly!
You are too injured to fight recklessly!
You are too injured to fight recklessly!
You are too injured to fight recklessly!
You are too injured to fight recklessly!
You are too injured to fight recklessly!
You are too injured to fight recklessly!
You are too injured to fight recklessly!
You escape the ball python's grasp.
The kobold hits you with a +0 short sword.
* * * LOW HITPOINT WARNING * * *
The ball python closely misses you. The ball python barely misses you.
Throw: 5 boomerangs (disperse)
Press: ? - help, Q - select action Shift-Dir - straight line, f - kobold
Aim: a kobold, wielding a +0 short sword (50% to hit)
You throw a boomerang of dispersal.
The boomerang of dispersal barely misses the kobold.
The boomerang of dispersal closely misses the ball python.
The kobold barely misses you.
Throw: 4 boomerangs (disperse)
Press: ? - help, Q - select action Shift-Dir - straight line, f/p - kobold
Aim: a kobold, wielding a +0 short sword (50% to hit)
You throw a boomerang of dispersal.
The boomerang of dispersal barely misses the kobold.
The boomerang of dispersal barely misses the ball python.
The kobold closely misses you.
Throw: 3 boomerangs (disperse)
Press: ? - help, Q - select action Shift-Dir - straight line, f/p - kobold
Aim: a kobold, wielding a +0 short sword (50% to hit)
You throw a boomerang of dispersal.
The boomerang of dispersal closely misses the kobold.
The boomerang of dispersal hits the ball python.
The ball python blinks!
You feel a bit more experienced.
The kobold hits you but does no damage. x2
You have reached level 2!
You closely miss the kobold.
The kobold hits you with a +0 short sword.
You die...

#[# #.# #.# #.#
###.#####
.......#
#.###.#########
#>...§K@.......
#.#.###########
.....# #.....#
# ## #.....#
#.#. #.....#
.#. #.....# ..
###+#.# #.
#.#####


You could see a kobold.

Vanquished Creatures
  A bat (D:1)
  A giant cockroach (D:1)
  A goblin (D:2)
  A hobgoblin (D:1)
  A quokka (D:1)
  3 ball pythons
  A frilled lizard (D:1)
9 creatures vanquished.

Notes
Turn   | Place    | Note
-------+----------+-------------------------------------------
     0 | D:1      | Gabide the Demigod Warper began the quest for the Orb.
     0 | D:1      | Reached XP level 1. HP: 17/17 MP: 5/5
   139 | D:1      | Got Plato's Handbook of Moulding
   192 | D:1      | You fall into a shaft and drop 1 floor!
   204 | D:2      | Reached skill level 3 in Translocations
   255 | D:2      | Noticed Natasha
   263 | D:2      | Noticed a crimson imp
   276 | D:2      | Noticed a crimson imp
   288 | D:2      | Noticed a crimson imp
   296 | D:2      | Noticed a crimson imp
   311 | D:1      | Reached XP level 2. HP: 2/24 MP: 7/7
   311 | D:1      | Slain by a kobold

Illustrated notes

Levels and vault maps discovered:
D:1:      kennysheep_arrival_seaside, layout_basic,
          shapermc_ecumenical_altar_rom_forum
D:2:      layout_loops_cross, basic_altar, hangedman_abyss_or_decor_stabs,
          uniq_natasha

Skill      XL: |  1 |
---------------+----+-----
Fighting       | 2 |  2.0
Translocations | 3 |  3.0
Maces & Flails | |  1.9
Throwing       | |  0.8
Armour         | |  0.8
Dodging        | |  1.7
Spellcasting   | |  1.8

Action                   || total
-------------------------++-------
Melee: Mace              ||    22
       Punch             ||     1
Throw: Boomerang         ||     3
Armor: Leather armour    ||    14
Dodge: Dodged            ||    26
